 Dungeon Crawl Stone Soup version 0.25-a0-1133-g93ebf739aa (webtiles) character file.

Game seed: 12452730435303333860, levelgen mode: deterministic

15 Flugslaktarn the Shield-Bearer (level 2, -10/27 HPs)
             Began as a Deep Dwarf Fighter on May 20, 2020.
             Killed by divine providence
             ... invoked by an orc priest
              (15 damage)
             ... on level 3 of the Dungeon.
             The game lasted 00:00:12 (224 turns).

Flugslaktarn the Shield-Bearer (Deep Dwarf Fighter)  Turns: 224, Time: 00:00:13

Health: -10/27     AC:  6    Str: 19    XL:     2   Next: 34%
Magic:  2/2        EV:  7    Int:  8    God:
Gold:   53         SH:  9    Dex: 12    Spells: 1/1 levels left

rFire    . . .     SeeInvis .   a - +0 war axe
rCold    . . .     Gourm    .   c - +0 kite shield
rNeg     . . .     Faith    .   b - +0 scale mail
rPois    .         Spirit   .   (no helmet)
rElec    .         Reflect  .   (no cloak)
rCorr    .         Harm     .   (no gloves)
MR       .....                  (no boots)
Stlth    ..........             (no amulet)
HPRegen  0.00/turn              (no ring)
MPRegen  0.08/turn              (no ring)

@: non-regenerating
A: damage resistance, heal wounds, sense surroundings 1, no regeneration
a: Heal Wounds


You were on level 3 of the Dungeon.
You were not hungry.

You visited 1 branch of the dungeon, and saw 3 of its levels.

You collected 53 gold pieces.

Inventory:

Hand Weapons
 a - a +0 war axe (weapon)
Armour
 b - a +0 scale mail (worn)
 c - a +0 kite shield (worn)
Scrolls
 f - a scroll of teleportation {unknown}
Potions
 d - a potion of might
 h - a potion of lignification {unknown}
Comestibles
 e - 2 rations
 g - a chunk of flesh


   Skills:
 + Level 2.8 Fighting
 * Level 2.7 Axes
 + Level 3.4 Armour
 + Level 3.5 Shields


You had one spell level left.
You didn't know any spells.
Your spell library was empty.

Dungeon Overview and Level Annotations

Branches:
Dungeon (3/15)

Altars:
Gozag

Annotations:
D:3 2 transporters


Innate Abilities, Weirdness & Mutations

You are resistant to damage.
You can heal yourself by infusing magical energy.
You passively map a small area around you.
You do not regenerate.


Message History

You are too injured to fight recklessly!
You are too injured to fight recklessly!
You are too injured to fight recklessly!
You are too injured to fight recklessly!
You are too injured to fight recklessly!
You are too injured to fight recklessly!
You are too injured to fight recklessly!
You are too injured to fight recklessly!
You are too injured to fight recklessly!
You fail to use your ability.
The orc warrior hits you with a +0 scimitar.
* * * LOW HITPOINT WARNING * * *
There is an open door here.
You fail to use your ability.
You fail to use your ability.
The orc warrior hits you with a +0 scimitar.
The orc priest calls down the wrath of Beogh upon you.
Beogh smites you!
Ouch! That really hurt!
You die...

.©#..©....$o#©..#+#####
..#.......$t#......## ,
,
#.#...#.#.oK#.#.....##
*
#.#8.#...#S8#........##
#.##...©..w##.........#
,
...#########..........+
##....................#
##....###.##.......##
.##. #. ##.@...##* * #,
##o..## , * *, ##o## *
, #.# , #o#*** #s# , ,*
*


oo. * ,,,... , * , * **,..... ** You could see an orc warrior, a crocodile, a
big kobold, a worm, an orc priest, 3 orcs, a giant cockroach and a ball python.

Vanquished Creatures
  An adder (D:3)
  A dart slug (D:3)
  A goblin (D:3)
  2 bats
  A kobold (D:1)
6 creatures vanquished.

Notes
Turn   | Place    | Note
-------+----------+-------------------------------------------
     0 | D:1      | Flugslaktarn the Deep Dwarf Fighter began the quest for the
                  | Orb.
     0 | D:1      | Reached XP level 1. HP: 20/20 MP: 1/1
   147 | D:3      | Found a transporter.
   151 | D:3      | Found a transporter.
   151 | D:3      | Noticed a big kobold
   152 | D:3      | Noticed a crocodile
   160 | D:3      | Found an opulent altar of Gozag.
   182 | D:3      | Reached XP level 2. HP: 27/27 MP: 2/2
   214 | D:3      | Noticed an orc warrior
   224 | D:3      | Killed from afar by an orc priest

Illustrated notes

Levels and vault maps discovered:
D:1:      lemuel_arrival_behind_the_door_small, layout_basic
D:2:      layout_basic, nicolae_overflow_crystal_walls, uniq_jessica
D:3:      layout_loops_corners, gammafunk_temple_overflow_arena

Action                   || total
-------------------------++-------
Melee: War axe           ||    18
Armor: Scale mail        ||     4
Dodge: Dodged            ||     6
Block: Kite shield       ||     8

Table legend:
 A = Non-vault XP
 B = Vault XP
 C = Vault XP percentage of total XP
 D = Non-vault monster count
 E = Vault monster count
 F = Vault count percentage of total count
                 A         B        C        D         E       F
            +---------+---------+-------+---------+---------+-------
      Total |      22 |       0 |   0.0 |       6 |       0 |   0.0
            +---------+---------+-------+---------+---------+-------
        D:1 |       1 |       0 |   0.0 |       1 |       0 |   0.0
        D:2 |       1 |       0 |   0.0 |       1 |       0 |   0.0
        D:3 |      20 |       0 |   0.0 |       4 |       0 |   0.0
            +---------+---------+-------+---------+---------+-------
